 Dungeon Crawl Stone Soup version 0.28.0-47-ge53b351184 (webtiles) character file.

Game seed: 15245919594587111812

145398 Gabide the Eclecticist (level 16, -1/150 HPs)
             Began as a Mummy Necromancer on Apr 30, 2022.
             Was a High Priest of Ashenzari.
             Slain by a spriggan rider
             ... wielding a +0 spear
              (5 damage)
             ... on level 2 of the Swamp on May 1, 2022.
             The game lasted 02:53:16 (55906 turns).

Gabide the Eclecticist (Mummy Necromancer)         Turns: 55906, Time: 02:53:16

Health: -1/150     AC: 15    Str: 16    XL:     16   Next: 87%
Magic:  38/51      EV: 18    Int: 23    God:    Ashenzari [*****.]
Gold:   1241       SH: 12    Dex: 13    Spells: 40/60 levels left

rFire   . . .      SeeInvis +   j - +1 mace of the Ruined God {venom, rF+ rC+ Int+2, Comp, Bglg} (curse)
rCold   + + +      Faith    +   P - +2 kite shield {reflect}
rNeg    + + +      Spirit   .   b - +2 robe "Lashed With Me" {Archmagi, Comp, Self} (curse)
rPois   ∞          Reflect  +   h - +2 helmet of Ashenzari's Omission {Cun, Elem} (curse)
rElec   +          Harm     .   q - +0 cloak of the Eye in the Sky {Alch, Comp} (curse)
rCorr   +          Rampage  .   n - +1 pair of gloves "Per Aspera Ad Scientiam" {Alch, Self} (curse)
Will    ++...      Archmagi +   e - +0 pair of boots "Ruined Together" {Cun, Evo} (curse)
Stlth   +++....... Clarity  +   T - amulet "Sorrow of the Empyrean" {Faith rElec rPois rCorr Str+4, Cun, Self} (curse)
HPRegen 0.35/turn               t - ring "Stellar Egalitarianism" {Fly rC+ MP+9, Fort, Self} (curse)
MPRegen 0.32/turn               d - ring "Share My Seeker" {AC+4, Range, Comp} (curse)

@: flying
A: cold resistance 1, negative energy resistance 3, torment resistance 2, heat
vulnerability 1, in touch with death 1, no potions
a: Renounce Religion, Curse Item, Shatter the Chains


You were on level 2 of the Swamp.
You worshipped Ashenzari.
Ashenzari was extremely pleased with you.
You visited 5 branches of the dungeon, and saw 27 of its levels.
You also visited: Ossuary.

You collected 2819 gold pieces.
You spent 1578 gold pieces at shops.

Inventory:

Hand Weapons
 g - a +1 trident of pain
 j - the cursed +1 mace of the Ruined God (weapon) {venom, rF+ rC+ Int+2, Comp, Bglg}
   (You found it on level 5 of the Dungeon)

   It poisons the flesh of those it strikes.
   Int:       It affects your intelligence (+2).
   rF:        It protects you from fire.
   rC:        It protects you from cold.
   It has a curse which improves the following skills: Companions: Summonings
   and Necromancy.
   Beguiling: Conjurations, Hexes and Translocations.
 R - the +5 sword of Power {vorpal}
   (You found it on level 14 of the Dungeon)

   It inflicts extra damage upon your enemies.
   It occasionally discharges a powerful but inaccurate bolt of energy upon
   striking a foe, with increased chance the greater the wielder's current
   health.
 S - a +4 triple sword of freezing
Armour
 b - the cursed +2 robe "Lashed With Me" (worn) {Archmagi, Comp, Self}
   (You took it off an orc wizard on level 2 of the Orcish Mines)

   It has a curse which improves the following skills: Companions: Summonings
   and Necromancy.
   Introspection: Fighting and Spellcasting.
 c - a +0 cloak
 e - the cursed +0 pair of boots "Ruined Together" (worn) {Cun, Evo}
   (You found it on level 5 of the Dungeon)

   It has a curse which improves the following skills: Cunning: Dodging and
   Stealth.
   Evocations: Evocations.
 h - the cursed +2 helmet of Ashenzari's Omission (worn) {Cun, Elem}
   (You took it off Robin on level 2 of the Dungeon)

   It has a curse which improves the following skills: Cunning: Dodging and
   Stealth.
   Elements:  Fire Magic, Ice Magic, Air Magic and Earth Magic.
 n - the cursed +1 pair of gloves "Per Aspera Ad Scientiam" (worn) {Alch, Self}
   (You found it on level 4 of the Dungeon)

   It has a curse which improves the following skills: Alchemy: Poison Magic and
   Transmutations.
   Introspection: Fighting and Spellcasting.
 o - a +0 buckler
 q - the cursed +0 cloak of the Eye in the Sky (worn) {Alch, Comp}
   (You found it on level 5 of the Dungeon)

   It has a curse which improves the following skills: Alchemy: Poison Magic and
   Transmutations.
   Companions: Summonings and Necromancy.
 r - a +2 hat
 w - a +2 helmet of intelligence
 P - a +2 kite shield of reflection (worn)
Magical Staves
 M - a staff of death
Jewellery
 d - the cursed ring "Share My Seeker" (right hand) {AC+4, Range, Comp}
   (You found it on level 3 of the Dungeon)

   [ring of protection]

   AC:        It affects your AC (+4).
   It has a curse which improves the following skills: Ranged Combat: Slings,
   Bows, Crossbows and Throwing.
   Companions: Summonings and Necromancy.
 t - the cursed ring "Stellar Egalitarianism" (left hand) {Fly rC+ MP+9, Fort, Self}
   (You bought it in a shop on level 12 of the Dungeon)

   [ring of magical power]

   rC:        It protects you from cold.
   MP:        It affects your magic capacity (+9).
   Fly:       It grants you flight.
   It has a curse which improves the following skills: Fortitude: Armour and
   Shields.
   Introspection: Fighting and Spellcasting.
 L - a ring of willpower
 O - a ring of protection from fire
 T - the cursed amulet "Sorrow of the Empyrean" (around neck) {Faith rElec rPois rCorr Str+4, Cun, Self}
   (You bought it in a shop on level 11 of the Dungeon)

   [amulet of faith]

   It allows you to gain divine favour quickly.
   Str:       It affects your strength (+4).
   rElec:     It insulates you from electricity.
   rPois:     It protects you from poison.
   rCorr:     It protects you from acid and corrosion.
   It has a curse which improves the following skills: Cunning: Dodging and
   Stealth.
   Introspection: Fighting and Spellcasting.
Wands
 p - a wand of flame (28)
 s - a wand of iceblast (7)
 v - a wand of polymorph (19)
 x - a wand of digging (9)
 E - a wand of mindburst (16)
 F - a wand of paralysis (15)
 G - a wand of acid (2)
Scrolls
 f - 2 scrolls of fear
 i - 9 scrolls of fog
 k - 4 scrolls of magic mapping
 l - a scroll of brand weapon
 m - 3 scrolls of amnesia
 u - 4 scrolls of enchant weapon
 H - 3 scrolls of torment
 I - a scroll of silence
Miscellaneous
 C - a tin of tremorstones (1/2)
 J - a phantom mirror (inert)
 K - a condenser vane


   Skills:
 * Level 14.9(20.3) Fighting
 - Level 1.5 Short Blades
 - Level 5.5 Maces & Flails
 * Level 12.8(17.3) Dodging
 - Level 2.5(6.0) Stealth
 - Level 5.8(8.1) Shields
 * Level 17.7(22.9) Spellcasting
 * Level 15.3(20.7) Necromancy


You had 40 spell levels left.
You knew the following spells:

 Your Spells              Type           Power      Damage    Failure   Level
a - Pain                  Necr           100%       1d9       0%          1
b - Vampiric Draining     Necr           100%       2d13      0%          3
c - Animate Dead          Necr           67%        N/A       0%          4
d - Agony                 Necr           100%       N/A       1%          5
e - Blink                 Tloc           82%        N/A       4%          2
f - Passwall              Tmut/Erth      35%        N/A       4%          2
g - Stone Arrow           Conj/Erth      82%        3d12      10%         3

Your spell library contained the following spells:

 Spells                   Type           Power      Damage    Failure   Level
 Animate Skeleton         Necr           100%       N/A       0%          1
 Sandblast                Erth           82%        2d17      3%          1
 Sting                    Tmut/Pois      100%       1d8       3%          1
 Summon Guardian Golem    Hex/Summ       43%        N/A       9%          3
 Conjure Flame            Conj/Fire      41%        6-21      10%         3
 Dazzling Flash           Conj/Hex       82%        N/A       10%         3
 Ignite Poison            Fire/Tmut/Pois 42%        N/A       10%         3
 Lesser Beckoning         Tloc           41%        N/A       10%         3
 Tukima's Dance           Hex            41%        N/A       10%         3
 Animate Armour           Summ/Erth      86%        N/A       28%         4
 Summon Lightning Spire   Summ/Air       43%        N/A       28%         4
 Petrify                  Tmut/Erth      42%        N/A       30%         4
 Airstrike                Air            20%        N/A       32%         4
 Iskenderun's Mystic Bla  Conj/Tloc      41%        2d9       32%         4
 Passage of Golubria      Tloc           41%        N/A       32%         4
 Sticky Flame             Conj/Fire      41%        2d6       32%         4
 Irradiate                Conj/Tmut      21%        3d21      65%         5
 Lightning Bolt           Conj/Air       20%        1d35      65%         5
 Manifold Assault         Tloc           41%        N/A       65%         5
 Yara's Violent Unravell  Hex/Tmut       21%        3d10      65%         5
 Starburst                Conj/Fire      20%        6d7       99%         6
 Orb of Destruction       Conj           20%        9d8       100%        7
 Spellforged Servitor     Conj/Summ      21%        N/A       100%        7
 Lehudib's Crystal Spear  Conj/Erth      20%        10d6      100%        8
 Sublimation of Blood     Necr           Unusable   N/A       N/A         2

Dungeon Overview and Level Annotations

Branches:
Dungeon (15/15)            Temple (0/1) D:6            Lair (6/6) D:9
  Swamp (2/4) Lair:4        Snake (0/4) Lair:3        Slime (0/5) Lair:6
    Orc (2/2) D:12            Elf (2/3) Orc:2        Vaults (0/5) D:13
 Depths (0/4) D:15        Ossuary (visited)

Altars:
Ashenzari
Dithmenos
Fedhas
Hepliaklqana
Xom
Beogh
Jiyva

Shops:
D:6 (   D:9 (   D:11 =((((   D:12 =   Orc:1 !*   Orc:2 *?([=

Portals:
Trove: D:12 (show slimy rune of Zot)

Annotations:
D:5 2 transporters, 101zpm's ghost, novice DjFE


Innate Abilities, Weirdness & Mutations

You are immune to poison.
Your flesh is cold resistant. (rC+)
You are immune to negative energy. (rN+++)
You are immune to unholy pain and torment.
You are vulnerable to heat. (rF-)
You are in touch with the powers of death.
You do not drink.


Message History

A goliath frog is nearby!
A goliath frog is nearby!
There are monsters nearby!
The swamp worm fires a harpoon shot at you.
Your +2 kite shield of reflection reflects the harpoon shot!
The harpoon shot misses the swamp worm.
As you read the scroll of teleportation, it crumbles to dust.
You feel strangely unstable. You block the swamp worm's attack. x2
You block the swamp worm's attack.
The swamp worm fires a harpoon shot at you.
The harpoon shot hits you!
* * * LOW HITPOINT WARNING * * *
You are yanked forward by the harpoon shot.
The swamp worm fires a harpoon shot at you.
Your +2 kite shield of reflection reflects the harpoon shot!
The harpoon shot hits the swamp worm!
The will-o-the-wisp gestures.
The will-o-the-wisp conjures some foxfire!
The swamp worm bites you!
* * * LOW HITPOINT WARNING * * *
2 foxfires come into view.
Your surroundings suddenly seem different.
You block the spriggan rider's attack.
The foxfire moves out of view.
Press: ? - help, v - describe, . - travel
Here: a foxfire Some shallow water.
Unknown command.
Unknown command.
As you read the scroll of summoning, it crumbles to dust.
Wisps of shadow whirl around you... The foxfire hits your bog body!
Your bog body resists.
You block the spriggan rider's attack.
The thorn hunter fires a volley of thorns at your bloated husk.
The volley of thorns hits your bloated husk!
Press: ? - help, v - describe, . - travel
Here: a spriggan rider, wielding a +0 spear (ally target)
The floor.
Unknown command.
The spriggan rider hits you from afar with a +0 spear.
You die...

≈**** ≈, ** ≈≈≈ *♣...≈≈≈≈..≈≈♣♣
♣*♣♣♣♣♣♣♣* **.≈.* ♣♣≈.≈≈≈≈w...♣♣
♣♣♣♣♣♣§♣♣♣ ♣.♣♣ ♣♣♣.≈...≈...≈♣
..♣♣♣♣≈≈♣♣♣ ♣..♣♣♣♣.≈≈≈..≈≈≈≈≈♣
≈≈♣♣≈.♣♣♣♣♣♣ ♣≈≈.≈♣.≈§≈≈≈w≈≈≈§.♣
≈≈♣♣....♣♣♣♣♣♣♣.≈.≈.≈≈....♣≈≈≈♣♣♣
)≈♣♣..≈..♣(.♣♣♣≈.......≈......♣♣♣
..).≈≈≈≈..≈§.≈≈..w≈≈≈...v≈≈≈.♣♣♣♣
♣.≈≈≈≈≈≈≈≈≈...n≈@≈≈≈≈..<.v≈≈≈.≈
♣.≈≈§≈≈.......≈≈..≈≈....§≈≈§^.*
♣..≈≈≈.♣♣§.f≈≈≈≈in≈...F.$.≈.≈♣♣
♣♣...♣♣♣♣..≈≈≈≈F≈≈≈≈.≈≈.§≈≈≈≈♣
♣♣♣♣♣♣ ♣.≈.≈≈§≈.≈≈≈≈≈≈≈..≈≈≈≈♣ ♣♣
♣.≈.≈≈≈...≈≈≈≈≈≈≈.≈≈.♣♣ ♣♣♣♣ *
♣♣......≈.≈≈§≈≈≈....♣♣ ≈≈§♣♣≈
*♣♣≈.≈♣.≈≈≈≈.≈≈..*
≈..≈≈≈,♣...≈♣.≈§≈≈......,,*


You could see a thorn hunter (ally target), a spriggan rider (ally target), a
goliath frog, a friendly tyrant leech (summoned, wandering), a friendly goliath
frog (summoned), a friendly bog body (summoned) and a friendly bloated husk
(summoned).

Vanquished Creatures
  Mlioglotl (Swamp:1)
  Rupert (D:14)
  2 deep elf sorcerers
  A stone giant (D:15)
  Nessos (D:14)
  A deep elf demonologist (Elf:1)
  2 eleionomae
  An ettin (D:14)
  A deep elf high priest (Elf:1)
  A fire dragon (D:13)
  8 vault guards
  4 boulder beetles
  A spriggan air mage (Swamp:1)
  7 hydras
  5 catoblepae
  A death knight (D:12)
  Erica (D:9)
  3 centaur warriors
  14 death yaks
  6 dancing weapons
  4 two-headed ogres
  7 alligators
  2 tengu warriors (D:15)
  A two-headed ogre (shapeshifter) (D:10)
  3 orc high priests (Orc:2)
  Sonja (D:12)
  2 deep elf knights
  Urug (Lair:4)
  3 spriggans
  5 skeletal warriors (D:11)
  Nergalle (D:10)
  3 goliath frogs (Swamp:1)
  2 wizards
  3 deep elf archers (Elf:1)
  2 bog bodies (Swamp:1)
  21 deep elf pyromancers
  2 lindwurms
  Pikel (D:3)
  2 necromancers (D:13)
  18 ugly things
  4 orc knights (Orc:2)
  4 orc sorcerers (Orc:2)
  3 manticores
  8 deep elf zephyrmancers
  5 cyclopes
  2 oklob plants
  A salamander (shapeshifter) (D:13)
  23 elephants
  4 black mambas
  A gargoyle (D:13)
  2 torpor snails
  13 cane toads
  Psyche (D:11)
  3 unseen horrors
  7 komodo dragons
  A kobold demonologist (D:13)
  4 rime drakes
  2 efreet (D:15)
  6 trolls
  3 meliai
  A troll (shapeshifter) (D:14)
  5 polar bears
  3 hornets
  17 blink frogs
  11 dream sheep
  4 centaur simulacra (D:10)
  A wraith (D:13)
  52 yaks
  5 wyverns
  A fire elemental (Elf:1)
  3 basilisks
  Edmund (D:5)
  Menkaure (D:6)
  4 vampire mosquitoes
  2 wargs
  6 nagas (Lair:3)
  An acid dragon (D:9)
  9 swamp worms
  19 water moccasins
  2 sky beasts
  A swamp drake (Swamp:1)
  28 orc warriors
  A black bear (Lair:4)
  A hornet zombie (D:5)
  3 necrophages
  2 ice beasts
  27 wolves
  4 ogres
  6 centaurs
  5 boggarts (D:15)
  A kobold brigand (D:9)
  15 bullfrogs
  An earth elemental (Elf:1)
  A scorpion (D:7)
  2 water moccasin zombies
  2 water moccasin skeletons
  4 killer bees (D:5)
  4 wights (D:9)
  2 howler monkeys
  5 centaur zombies
  6 bullfrog zombies (D:6)
  A jelly (D:6)
  A centaur skeleton (D:6)
  A gnoll shaman (D:7)
  17 orc priests
  2 hounds
  5 bullfrog skeletons
  Jessica (D:3)
  3 iguanas
  25 orc wizards
  9 hell rats (Lair:2)
  A hound skeleton (D:4)
  12 mummies (Ossuary)
  A howler monkey zombie (D:6)
  Robin (D:2)
  11 gnolls
  2 howler monkey skeletons (D:6)
  6 adders
  13 river rats (Lair:2)
  4 white imps
  A howler monkey simulacrum (D:10)
  3 ufetubi
  A worm (D:3)
  A dart slug (D:1)
  91 orcs
  7 endoplasms
  3 giant cockroaches
  16 goblins
  7 hobgoblins
  2 jackals (D:1)
  20 kobolds
  10 quokkas
  5 ball pythons
  6 bats
  2 frilled lizards
  4 gnoll skeletons (Ossuary)
  A goblin skeleton (Ossuary)
  3 orc skeletons (Ossuary)
  13 rats
  11 rat skeletons (Ossuary)
  A bush (Lair:5)
836 creatures vanquished.

Vanquished Creatures (collateral kills)
  A sphinx (D:14)
  A vault guard (D:14)
  2 ugly things (D:14)
  Joseph (D:7)
  A centaur simulacrum (D:10)
  A yak (D:10)
  A wyvern (Lair:5)
  3 orc warriors
  An ogre (D:7)
  A gnoll sergeant (D:7)
  2 killer bees (D:5)
  An orc priest (D:14)
  An orc wizard (Orc:2)
  A killer bee zombie (D:6)
  A howler monkey zombie (D:6)
  3 gnolls (D:7)
  8 orcs
  A butterfly (Lair:5)
31 creatures vanquished.

Vanquished Creatures (others)
  2 two-headed ogres (D:12)
  A bog body (Swamp:1)
  A bloated husk (Swamp:1)
  2 orc wizards
  A bush (Lair:6)
  2 foxfires (Swamp:2)
  10 fungi
  35 plants
  4 toadstools (D:2)
  2 withered plants (D:6)
60 creatures vanquished.

Grand Total: 927 creatures vanquished

Notes
Turn   | Place    | Note
-------+----------+-------------------------------------------
     0 | D:1      | Gabide the Mummy Necromancer began the quest for the Orb.
     0 | D:1      | Reached XP level 1. HP: 13/13 MP: 4/4
    47 | D:1      | Found a faded altar of an unknown god.
    52 | D:1      | Got Plato's Incunabulum of Transmutation
    53 | D:1      | Prayed at the altar of an unknown god.
    53 | D:1      | Became a worshipper of Ashenzari the Shackled
   368 | D:1      | Reached XP level 2. HP: 20/20 MP: 1/5
   379 | D:1      | Reached skill level 3 in Spellcasting
   862 | D:1      | Reached skill level 1 in Fighting
  1179 | D:1      | Reached XP level 3. HP: 26/26 MP: 1/7
  1235 | D:1      | Reached * piety under Ashenzari
  2112 | D:2      | Learned a level 3 spell: Vampiric Draining
  2306 | D:2      | Noticed Robin
  2322 | D:2      | Killed Robin
  2323 | D:2      | Reached XP level 4. HP: 28/33 MP: 2/10
  3051 | D:3      | Reached XP level 5. HP: 38/40 MP: 3/11
  3220 | D:3      | Reached skill level 4 in Spellcasting
  3781 | D:3      | Noticed a necrophage
  3801 | D:3      | Killed a necrophage
  3802 | D:3      | Reached skill level 5 in Necromancy
  3802 | D:3      | Reached XP level 6. HP: 30/47 MP: 13/13
  4019 | D:3      | Learned a level 4 spell: Animate Dead
  4025 | D:3      | Learned a level 5 spell: Agony
  4025 | D:3      | Reached ** piety under Ashenzari
  4372 | D:3      | Noticed Jessica
  4374 | D:3      | Killed Jessica
  4809 | D:4      | Found a sand-covered staircase.
  4816 | Ossuary  | Entered an ossuary
  6226 | Ossuary  | Reached skill level 5 in Spellcasting
  6750 | Ossuary  | Reached XP level 7. HP: 54/56 MP: 17/17
  7354 | D:4      | Noticed Pikel
  7368 | D:3      | Killed Pikel
  7369 | D:3      | Reached skill level 1 in Short Blades
  7369 | D:3      | Reached skill level 1 in Shields
  7369 | D:3      | Reached skill level 6 in Spellcasting
  7369 | D:3      | Reached XP level 8. HP: 64/64 MP: 2/19
  7636 | D:5      | Entered Level 5 of the Dungeon
  7746 | D:5      | Noticed Edmund
  7751 | D:5      | Killed Edmund
  7909 | D:5      | Found a transporter.
  7909 | D:5      | Noticed 101zpm's ghost (novice DjFE)
  7922 | D:5      | Found a transporter.
  8475 | D:5      | Identified the +1 mace "Umaguil" {venom, rF+ rC+ Int+2}
  8777 | D:5      | Reached skill level 5 in Fighting
  9135 | D:6      | Reached XP level 9. HP: 69/69 MP: 12/20
  9173 | D:6      | Reached skill level 1 in Maces & Flails
  9173 | D:6      | Reached skill level 7 in Spellcasting
  9457 | D:6      | Reached skill level 5 in Dodging
  9774 | D:6      | Found a staircase to the Ecumenical Temple.
 10008 | D:6      | Found Nuoddon's Weapon Emporium.
 10221 | D:7      | Noticed Menkaure
 10666 | D:6      | Killed Menkaure
 11273 | D:7      | Reached skill level 8 in Spellcasting
 11458 | D:7      | Noticed Joseph
 11537 | D:7      | Killed Joseph
 11538 | D:7      | Reached XP level 10. HP: 76/80 MP: 11/23
 12301 | D:8      | Identified the +0 pair of boots of Skepticism {rPois rN+
                  | Dex-4}
 12651 | D:8      | Noticed a six-headed hydra
 12659 | D:8      | Killed a six-headed hydra
 12840 | D:9      | Noticed Erica
 12849 | D:9      | Killed Erica
 12850 | D:9      | Reached skill level 9 in Spellcasting
 13148 | D:9      | Reached *** piety under Ashenzari
 14451 | D:9      | Found a staircase to the Lair.
 14617 | D:9      | Found Mecvut's Antique Weapon Boutique.
 14662 | D:9      | Reached **** piety under Ashenzari
 14984 | D:10     | Entered Level 10 of the Dungeon
 14999 | D:10     | Noticed a two-headed ogre
 15005 | D:10     | Killed a two-headed ogre
 15122 | D:10     | Learned a level 2 spell: Blink
 15160 | D:10     | Reached XP level 11. HP: 65/90 MP: 1/26
 16170 | D:10     | Noticed Nergalle
 16177 | D:10     | Killed Nergalle
 16288 | D:10     | Reached skill level 10 in Spellcasting
 16875 | D:10     | Found a hazy altar of Hepliaklqana.
 17541 | D:11     | Found Yhaetuf's Weapon Shop.
 17609 | D:11     | Noticed an eight-headed hydra
 17759 | D:10     | HP: 2/92 [orc priest/divine providence (14)]
 18550 | D:10     | Killed an eight-headed hydra
 18943 | D:11     | Found Quecwi's Jewellery Shop.
 19093 | D:11     | Found Eweehiynyu's Weapon Shop.
 19117 | D:11     | Found Umostij's Antique Weapon Shoppe.
 19161 | D:11     | Noticed a skeletal warrior
 19832 | D:11     | Found Puac Qepn's Antique Weapon Shop.
 19844 | D:11     | Noticed Psyche
 19849 | D:11     | Killed Psyche
 19986 | D:11     | Noticed a skeletal warrior
 19986 | D:11     | Noticed a skeletal warrior
 19986 | D:11     | Noticed a skeletal warrior
 20260 | D:12     | Noticed a death knight
 20267 | D:12     | Killed a death knight
 20307 | D:12     | Noticed Sonja
 20739 | D:12     | Reached skill level 11 in Spellcasting
 20739 | D:12     | Reached XP level 12. HP: 79/99 MP: 14/28
 20741 | D:12     | Noticed a boulder beetle
 20742 | D:12     | Noticed a four-headed hydra
 20747 | D:12     | Killed a boulder beetle
 20748 | D:12     | Reached skill level 10 in Necromancy
 20905 | D:12     | Found a staircase to the Orcish Mines.
 20922 | D:12     | Killed Sonja
 20992 | D:12     | Noticed a two-headed ogre
 21001 | D:12     | Killed a two-headed ogre
 21334 | D:12     | Killed a five-headed hydra
 21407 | D:12     | Killed a two-headed ogre
 21546 | D:12     | Found a shimmering altar of Xom.
 21877 | D:12     | Found Duig's Jewellery Boutique.
 21880 | D:12     | Noticed a vault guard
 21890 | D:12     | Killed a vault guard
 22017 | D:12     | Found a portal to a secret trove of treasure.
 22035 | D:12     | Bought the ring of Xelemiq {Fly rC+ MP+9} for 433 gold
                  | pieces
 22458 | D:13     | Noticed a two-headed ogre
 22465 | D:13     | Killed a two-headed ogre
 22875 | D:13     | Noticed a two-headed ogre
 22881 | D:13     | Killed a two-headed ogre
 22943 | D:13     | Reached skill level 5 in Shields
 23307 | D:13     | Noticed a two-headed ogre
 23316 | D:13     | Killed a two-headed ogre
 23322 | D:13     | Reached skill level 12 in Spellcasting
 23443 | D:13     | Found a gate to the Vaults.
 23457 | D:13     | Reached skill level 10 in Fighting
 23457 | D:13     | Reached skill level 5 in Maces & Flails
 23778 | D:14     | Noticed a centaur warrior
 23781 | D:14     | Noticed a centaur warrior
 23783 | D:14     | Noticed a boulder beetle
 23783 | D:14     | Noticed a five-headed hydra
 23787 | D:14     | Killed a centaur warrior
 24473 | D:13     | Killed a centaur warrior
 24615 | D:14     | Noticed Nessos
 24619 | D:14     | Killed Nessos
 24620 | D:14     | Gained mutation: You are in touch with the powers of death.
                  | [Mummy growth]
 24620 | D:14     | Reached XP level 13. HP: 89/108 MP: 31/31
 24938 | D:14     | Noticed a fire dragon
 25070 | D:13     | Killed a fire dragon
 25276 | D:14     | Noticed an ettin
 25720 | D:13     | an ettin changed into a torpor snail
 25808 | D:14     | Noticed Rupert
 25925 | Orc:1    | Entered Level 1 of the Orcish Mines
 26024 | Orc:1    | Found Feoczaom's Assorted Antiques.
 26411 | Orc:1    | Found Quukassu's Distillery.
 26635 | Orc:2    | Entered Level 2 of the Orcish Mines
 28517 | Orc:2    | Reached skill level 13 in Spellcasting
 28723 | Orc:2    | Found Guexouni's Jewellery Shop.
 29269 | Orc:2    | Found Seawn's Assorted Antiques.
 29269 | Orc:2    | Found Yrghadwa's Antique Armour Shop.
 29293 | Orc:2    | Found Celots's Magic Scroll Emporium.
 29293 | Orc:2    | Found Soopic's Weapon Shop.
 29308 | Orc:2    | Bought 2 scrolls of fog for 72 gold pieces
 29308 | Orc:2    | Bought a scroll of blinking for 135 gold pieces
 29339 | Orc:2    | Found a staircase to the Elven Halls.
 29794 | Lair:1   | Entered Level 1 of the Lair of Beasts
 30429 | Lair:1   | Identified the +1 ring mail "Zaut" {rElec}
 32253 | Lair:3   | Reached XP level 14. HP: 120/120 MP: 23/34
 33139 | Lair:3   | Found a staircase to the Snake Pit.
 33155 | Lair:3   | Reached skill level 10 in Dodging
 33298 | Lair:3   | Learned a level 2 spell: Passwall
 33602 | Lair:4   | Identified the +0 leather armour "Jageogh" {Will+}
 33834 | Lair:4   | Reached skill level 14 in Spellcasting
 34145 | Lair:4   | Noticed Urug
 34156 | Lair:4   | Killed Urug
 34350 | Lair:4   | Reached ***** piety under Ashenzari
 35157 | Lair:4   | Found a staircase to the Swamp.
 37993 | Lair:5   | Found a blossoming altar of Fedhas.
 38689 | Lair:6   | Entered Level 6 of the Lair of Beasts
 38773 | Lair:5   | Reached skill level 15 in Spellcasting
 39569 | Lair:6   | Reached XP level 15. HP: 136/136 MP: 28/39
 40860 | Lair:6   | Found a staircase to the Slime Pits.
 40861 | Lair:6   | Found a viscous altar of Jiyva.
 43223 | D:11     | Learned a level 3 spell: Stone Arrow
 44259 | D:14     | Killed Rupert
 44270 | D:14     | Reached skill level 16 in Spellcasting
 44626 | D:14     | Noticed a sphinx
 44630 | D:14     | Killed a sphinx
 45068 | D:14     | Found the +5 sword of Power {vorpal}
 45179 | D:15     | Entered Level 15 of the Dungeon
 45196 | D:15     | Found a broken altar of Ashenzari.
 46592 | D:15     | Found a staircase to the Depths.
 46601 | D:15     | Reached XP level 16. HP: 146/146 MP: 34/41
 47831 | D:11     | Bought the amulet of Oenomania {Faith rElec rPois rCorr
                  | Str+4} for 938 gold pieces
 48110 | Elf:1    | Entered Level 1 of the Elven Halls
 50372 | Elf:1    | Reached skill level 17 in Spellcasting
 52059 | Elf:2    | Reached skill level 15 in Necromancy
 53157 | Swamp:1  | Entered Level 1 of the Swamp
 54378 | Swamp:1  | Found a shadowy altar of Dithmenos.
 54481 | Swamp:1  | Noticed Mlioglotl
 54488 | Swamp:1  | Noticed an Executioner
 54498 | Swamp:1  | Killed Mlioglotl
 55864 | Swamp:2  | Noticed a thorn hunter
 55903 | Swamp:2  | HP: 3/150 [swamp worm (8)]
 55906 | Swamp:2  | Slain by a spriggan rider

Illustrated notes

Levels and vault maps discovered:
D:1:      dpeg_arrival_tiny_a, layout_loops_corners,
          shapermc_ecumenical_altar_rom_forum
D:2:      wad_woods_pond, layout_basic, serial_curves, eino_curves_02,
          eino_curves_04, grunt_decor_one_mirror, minmay_gold_behind_fungi,
          minmay_crystal_room, uniq_robin
D:3:      minmay_inner_zag, layout_rooms, serial_bayou, serial_bayou_lagoon_b,
          serial_bayou_pond_d, serial_bayou_ford_a, serial_bayou_shore_a,
          kennysheep_nondescript, uniq_jessica
D:4:      layout_basic, nicolae_ossuary_entry_ruins, uniq_pikel
D:5:      corexii_shack_village, layout_cave_pools, gammafunk_ghost_mausoleum,
          uniq_edmund
D:6:      layout_cave_pools, temple_pool_b, serial_undead, serial_undead_a,
          serial_undead_c, serial_undead_d, serial_undead_b, serial_undead_a,
          serial_undead_d, serial_shops, kennysheep_mini_moat,
          chequers_serial_rivers_large_a, dk_rats_in_the_wall
D:7:      layout_cave_pools, nicolae_figureground_sparkle, uniq_joseph,
          uniq_menkaure, uniq_crazy_yiuf_cottage
D:8:      layout_rooms, hangedman_abyss_or_decor_stagger
D:9:      layout_small_grid, erik_lair_dragon, serial_shops,
          kennysheep_little_box, uniq_erica
D:10:     layout_roguey, worldfamousw_hep_ancestral_shrine, serial_ice,
          serial_ice_g, serial_ice_n, serial_ice_i, serial_ice_h, special_room
          [special_room_orc], kennysheep_just_a_vault, uniq_nergalle
D:11:     layout_loops_ring, serial_shops, shop, shop, nicolae_take_the_stairs,
          nicolae_shop_bloodbath_and_beyond, nicolae_square_shop, uniq_psyche
D:12:     layout_loops_ring, david_orc_2, enter_trove_5, serial_shops, shop,
          xom_confusion_cloud, uniq_sonja
D:13:     layout_roguey, david_vaults_1
D:14:     minmay_guarded_unrand_sword_of_power, layout_basic, serial_glass,
          glass_columns_a, glass_columns_b, glass_columns_a, glass_columns_a,
          special_room [special_room_orc], uniq_nessos, uniq_rupert
D:15:     grunt_enter_depths_giant_problem, layout_basic,
          nicolae_ashenzari_panopticon
Lair:1:   layout_cave_pods
Lair:2:   lemuel_ratsnest, layout_big_grid
Lair:3:   layout_hall_layers, minmay_snake_entry_guardpost_large
Lair:4:   layout_big_grid, swamp_mist_pool, grunt_megastairs_1,
          lemuel_fruit_fields, infiniplex_staircase_pool_2, uniq_urug
Lair:5:   layout_small_grid, tgw_fedhas
Lair:6:   evilmike_catoblepas_cave, layout_small_grid, slime_altar_1,
          grunt_megastairs_3
Swamp:1:  layout_falls_marsh, evilmike_swamp_ruin_house_2, swamp_pool3,
          lemuel_altar_in_water, uniq_mlioglotl
Swamp:2:  layout_basic_swamp, evilmike_swamp_ruin_house_5
Orc:1:    layout_caves, serial_shops, nicolae_shop_stone,
          nicolae_shop_overgrown_old_shop
Orc:2:    grunt_orc_tribal_feast, layout_caves, serial_shops,
          nicolae_shop_competitors_out_of_business
Elf:1:    elf_arrival_002, layout_onion_city, hangedman_elf_represent
Elf:2:    nicolae_elf_blades_crystal_corner, layout_gridlike,
          serial_co_window_serial, co_window_paths_a,
          co_window_of_opportunity_a, co_window_of_opportunity_a,
          co_window_paths_a, co_window_of_opportunity_a, co_window_corner_a,
          co_window_of_opportunity_a, co_window_corner_b, co_window_corner_ca,
          co_window_broadway_b, co_window_4corner_a, glass_columns_b,
          glass_columns_c, glass_columns_b, glass_columns_b, glass_columns_b,
          serial_shops, nicolae_shop_behind_doors, small_statue_intersection,
          uniq_asterion, uniq_louise

Skill      XL: |  1  2  3  4  5  6  7  8  9 10 11 12 13 14 15 16 |
---------------+-------------------------------------------------+-----
Spellcasting   | 3 4 5 6 8 9 11 12 13 15 16 17 | 17.7
Fighting       | 1 2 3 4 5 6 7 8 10 11 12 13 14 | 14.9
Dodging        | 2 3 4 5 6 7 8 9 10 12 | 12.8
Necromancy     | 5 6 7 8 9 11 12 13 14 15 | 15.3
Short Blades   | 1 |  1.5
Stealth        | 2 |  2.5
Shields        | 1 2 3 4 5 |  5.8
Maces & Flails | 2 3 4 5 |  5.5

Action                   |  1- 3 |  4- 6 |  7- 9 | 10-12 | 13-15 | 16-18 || total
-------------------------+-------+-------+-------+-------+-------+-------++-------
Melee: Unarmed           |    13 |       |       |       |       |       ||    13
       Dagger            |    10 |   320 |   138 |       |       |       ||   468
       Punch             |     1 |     8 |     1 |       |       |       ||    10
       Mace              |       |       |   220 |   368 |   486 |   178 ||  1252
 Cast: Pain              |    82 |    71 |    95 |   105 |     4 |       ||   357
       Vampiric Draining |       |    11 |    49 |   201 |   977 |   245 ||  1483
       Animate Dead      |       |       |     6 |     9 |    10 |       ||    25
       Agony             |       |       |       |    43 |    50 |    27 ||   120
       Blink             |       |       |       |     2 |     4 |     5 ||    11
       Passwall          |       |       |       |       |     2 |       ||     2
       Stone Arrow       |       |       |       |       |    40 |    52 ||    92
Invok: Curse Item        |     2 |     1 |     1 |     3 |     4 |     1 ||    12
       Shatter the Chain |       |       |     1 |       |     1 |     1 ||     3
Evoke: Wand              |       |       |       |     8 |     6 |    14 ||    28
       Tin of tremorston |       |       |       |     2 |       |     2 ||     4
       Phantom mirror    |       |       |       |       |     1 |     1 ||     2
       Condenser vane    |       |       |       |       |       |     1 ||     1
  Use: Scroll            |       |     2 |     3 |     7 |     5 |    14 ||    31
 Stab: Sleeping          |       |     2 |     1 |     3 |       |       ||     6
       Distracted        |       |       |       |       |     3 |       ||     3
       Confused          |       |       |       |       |       |     1 ||     1
Armor: Robe              |     4 |    53 |   177 |   220 |   498 |   150 ||  1102
Dodge: Dodged            |    19 |   118 |   258 |   453 |  1197 |   318 ||  2363
Block: Other             |       |    46 |    11 |       |       |       ||    57
       Buckler           |       |       |   243 |   419 |   944 |       ||  1606
       Reflection        |       |       |     5 |    32 |    10 |     6 ||    53
       Kite shield       |       |       |       |       |    90 |   319 ||   409
